 Dungeon Crawl Stone Soup version 0.25-a0-782-g655279c (webtiles) character file.

Game seed: 12137082449582531800, levelgen mode: deterministic

3460 BlueFish the Thaumaturge (level 9, -4/66 HPs)
             Began as a Mummy Wizard on Apr 16, 2020.
             Was a Believer of Kikubaaqudgha.
             Slain by Harold
             ... wielding a +0 mace
              (7 damage)
             ... on level 8 of the Dungeon.
             The game lasted 00:33:55 (12926 turns).

BlueFish the Thaumaturge (Mummy Wizard)            Turns: 12926, Time: 00:33:56

Health: -4/66      AC:  9    Str: 10    XL:     9   Next: 78%
Magic:  0/23       EV: 13    Int: 20    God:    Kikubaaqudgha [**....]
Gold:   344        SH:  5    Dex: 11    Spells: 13/29 levels left

rFire    x . .     SeeInvis .   q - +2 short sword (elec)
rCold    + . .     Gourm    .   (no shield)
rNeg     + + +     Faith    .   j - +1 robe {MR+}
rPois    ∞         Spirit   .   h - +2 hat
rElec    .         Reflect  +   (no cloak)
rCorr    .         Harm     .   s - +0 pair of gloves
MR       +++..                  c - +2 pair of boots
Stlth    +++.......             e - +5 amulet of reflection
HPRegen  0.21/turn              o - ring of wizardry
MPRegen  0.18/turn              d - ring of protection from magic

@: very slightly contaminated
A: no food or potions, fire vulnerability, cold resistance 1, negative energy
resistance 3, torment resistance, unbreathing
a: Receive Corpses, Renounce Religion


You were on level 8 of the Dungeon.
You worshipped Kikubaaqudgha.
Kikubaaqudgha was pleased with you.
You were not hungry.

You visited 2 branches of the dungeon, and saw 9 of its levels.

You collected 344 gold pieces.

Inventory:

Hand Weapons
 i - a +0 whip of flaming
 q - a +2 short sword of electrocution (weapon)
 r - a +2 short sword of freezing
Armour
 c - a +2 pair of boots (worn)
 h - a +2 hat (worn)
 j - a +1 robe of magic resistance (worn)
 s - a +0 pair of gloves (worn)
Jewellery
 d - a ring of protection from magic (right hand)
 e - a +5 amulet of reflection (around neck)
 l - an uncursed ring of resist corrosion
 o - a ring of wizardry (left hand)
Wands
 k - a wand of flame (29)
 n - a wand of random effects (17)
Scrolls
 a - 4 scrolls of fog
 b - 4 scrolls of teleportation
 f - 2 scrolls of enchant weapon
 g - 4 scrolls of remove curse
 m - 3 scrolls of identify
 p - a scroll of noise
 t - 3 scrolls of amnesia {unknown}


   Skills:
 * Level 4.6 Fighting
 + Level 1.9 Short Blades
 + Level 1.8 Maces & Flails
 * Level 4.2 Dodging
 * Level 5.2 Stealth
 * Level 10.5 Spellcasting
 + Level 2.5 Conjurations
 + Level 2.6 Summonings
 + Level 2.3 Necromancy
 + Level 0.7 Translocations
 + Level 1.4 Air Magic
 + Level 0.8 Poison Magic
 * Level 0.7 Evocations


You had 13 spell levels left.
You knew the following spells:

 Your Spells              Type           Power        Failure   Level  Hunger
a - Pain                  Necr           ###.         1%          1    N/A
b - Blink                 Tloc           N/A          3%          2    N/A
c - Call Imp              Summ           ###.....     1%          2    N/A
d - Slow                  Hex            ##......     4%          2    N/A
e - Mephitic Cloud        Conj/Pois/Air  ###.....     4%          3    N/A
f - Magic Dart            Conj           ###.         1%          1    N/A
g - Vampiric Draining     Necr           ###.......   3%          3    N/A
h - Corpse Rot            Necr/Air       N/A          1%          2    N/A

Your spell library contained the following spells:

 Spells                   Type           Power        Failure   Level  Hunger
 Animate Skeleton         Necr           N/A          1%          1    N/A
 Passwall                 Tmut/Erth      ##......     4%          2    N/A
 Conjure Flame            Conj/Fire      ###.....     4%          3    N/A
 Ignite Poison            Fire/Tmut/Pois ##......     8%          3    N/A
 Inner Flame              Hex/Fire       ##......     9%          3    N/A
 Cause Fear               Hex            ##........   26%         4    N/A
 Petrify                  Tmut/Erth      ##......     26%         4    N/A
 Silence                  Hex/Air        ##........   45%         5    N/A
 Yara's Violent Unravell  Hex/Tmut       ##........   56%         5    N/A
 Deflect Missiles         Chrm/Air       ##........   95%         6    N/A
 Invisibility             Hex            ##......     98%         6    N/A
 Discord                  Hex            ##........   100%        8    N/A

Dungeon Overview and Level Annotations

Branches:
Dungeon (8/15)             Temple (1/1) D:4
   Lair: D:8-11

Altars:
Ashenzari
Cheibriados
Dithmenos
Elyvilon
Fedhas
Gozag
Hepliaklqana
Kikubaaqudgha
Makhleb
Nemelex Xobeh
Okawaru
Qazlal
Ru
Sif Muna
Trog
Uskayaw
Vehumet
Wu Jian
Xom
Yredelemnul
Zin
The Shining One

Annotations:
D:8 Harold


Innate Abilities, Weirdness & Mutations

You do not eat or drink.
Your flesh is vulnerable to fire.
You are immune to poison.
Your flesh is cold resistant. (rC+)
You are immune to negative energy. (rN+++)
You are immune to unholy pain and torment.
You can survive without breathing.


Message History

Aim: Harold, wielding a +0 mace and wearing a +0 chain mail of magic resistance (severely wounded) Attack!
Your white imp hits Harold but does no damage.
Your white imp closely misses Harold.
Harold fires a harpoon shot at you. The harpoon shot hits you!
* * * LOW HITPOINT WARNING * * *
You are yanked forward by the harpoon shot.
Your crimson imp blinks!
Casting: Call Imp (safe; 1% risk of failure)
Confirm with . or Enter, or press ? or * to list all spells.
Aiming: Mephitic Cloud (safe; 4% risk of failure)
Press: ? - help, Shift-Dir - straight line, f/p - Harold
Aim: Harold, wielding a +0 mace and wearing a +0 chain mail of magic resistance (severely wounded)
You miscast Mephitic Cloud.
You are very lightly contaminated with residual magic.
Nothing appears to happen.
Your white imp barely misses Harold.
Harold hits you with a +0 mace!
You die...
Kikubaaqudgha rasps: "You have failed me!
Welcome... oblivion!"

########## #........#
######## .
#.......<###....... ...
#.@§5..............
....####5@......###.......
................###..%....
#.......5#######........
....####...### ##........
. . #.....####.........
#%.##.##...<...{...
#..........#####.##
#.........## #.#


You could see Harold, 2 friendly crimson imps and a friendly white imp.

Vanquished Creatures
  A hungry ghost (D:7)
  A water moccasin (D:7)
  An orc warrior (D:6)
  3 sky beasts
  5 ogres
  3 centaurs
  A big kobold (D:7)
  4 bullfrogs
  Blork the orc (D:4)
  A scorpion (D:4)
  5 killer bees
  5 wights (D:7)
  A howler monkey (D:4)
  2 crimson imps
  2 bullfrog skeletons
  3 hounds
  4 orc priests
  3 centaur skeletons
  A gnoll shaman (D:4)
  6 orc wizards
  3 iguanas
  4 worker ants
  2 hound zombies
  Robin (D:3)
  4 gnolls (D:5)
  5 adders
  3 adder skeletons
  2 dart slugs
  5 leopard geckos
  31 orcs
  6 bats
  A bat skeleton (D:2)
  9 giant cockroaches
  8 hobgoblins
  7 jackals
  4 quokkas
  2 ball pythons
  9 frilled lizards
  20 goblins
  12 kobolds
  10 rats
201 creatures vanquished.

Vanquished Creatures (collateral kills)
  A black bear (D:6)
  An orc warrior (D:6)
  An ogre (D:5)
  A bullfrog (D:5)
  3 adders (D:2)
  2 gnolls (D:2)
  An ooze (D:1)
  A worm (D:4)
  4 orcs
  4 hobgoblins
  3 kobolds (D:2)
  A quokka skeleton (D:2)
23 creatures vanquished.

Vanquished Creatures (others)
  A centaur (D:7)
1 creature vanquished.

Grand Total: 225 creatures vanquished

Notes
Turn   | Place    | Note
-------+----------+-------------------------------------------
     0 | D:1      | BlueFish the Mummy Wizard began the quest for the Orb.
     0 | D:1      | Reached XP level 1. HP: 13/13 MP: 5/5
   498 | D:1      | Reached XP level 2. HP: 19/19 MP: 4/7
   504 | D:1      | Learned a level 2 spell: Blink
   507 | D:1      | Learned a level 2 spell: Call Imp
   510 | D:1      | Learned a level 2 spell: Slow
  1376 | D:1      | Reached skill level 1 in Conjurations
  1730 | D:2      | Reached skill level 5 in Spellcasting
  1730 | D:2      | Reached XP level 3. HP: 25/25 MP: 2/9
  1735 | D:2      | Learned a level 3 spell: Mephitic Cloud
  1834 | D:2      | Found a snail-covered altar of Cheibriados.
  2445 | D:2      | Reached skill level 1 in Fighting
  2450 | D:2      | Reached skill level 1 in Summonings
  2450 | D:2      | Reached XP level 4. HP: 22/32 MP: 4/11
  2550 | D:2      | Found an iron altar of Okawaru.
  3797 | D:3      | Reached XP level 5. HP: 20/37 MP: 0/13
  4226 | D:3      | Reached skill level 6 in Spellcasting
  4449 | D:3      | Noticed Robin
  4508 | D:3      | Killed Robin
  4727 | D:3      | Found a faded altar of an unknown god.
  4847 | D:4      | Reached XP level 6. HP: 44/44 MP: 6/15
  5117 | D:4      | Found a bloodstained altar of Trog.
  5404 | D:4      | Found a shattered altar of Ashenzari.
  5448 | D:4      | Found a glowing silver altar of Zin.
  5545 | D:4      | Found a staircase to the Ecumenical Temple.
  5569 | Temple   | Entered the Ecumenical Temple
  5830 | D:4      | Noticed Blork the orc
  5851 | D:4      | Killed Blork the orc
  5851 | D:4      | Reached skill level 1 in Maces & Flails
  5851 | D:4      | Reached XP level 7. HP: 41/51 MP: 3/16
  5949 | D:4      | Found a blossoming altar of Fedhas.
  6052 | D:4      | Found a white marble altar of Elyvilon.
  6053 | D:4      | Found an ancient bone altar of Kikubaaqudgha.
  6060 | D:4      | Became a worshipper of Kikubaaqudgha
  6334 | D:5      | Entered Level 5 of the Dungeon
  6374 | D:5      | Reached skill level 7 in Spellcasting
  7066 | D:5      | Reached skill level 1 in Air Magic
  7066 | D:5      | Reached XP level 8. HP: 40/58 MP: 10/19
  7174 | D:5      | Found an ornate altar of the Wu Jian Council.
  7884 | D:6      | Reached skill level 8 in Spellcasting
  9043 | D:6      | Reached * piety under Kikubaaqudgha
  9043 | D:6      | Identified Kikubaaqudgha's Incunabulum of Sinister Secrets
                  | (Kikubaaqudgha gifted it to you on level 6 of the Dungeon)
  9043 | D:6      | Received a gift from Kikubaaqudgha
  9047 | D:6      | Learned a level 1 spell: Pain
  9051 | D:6      | Learned a level 3 spell: Vampiric Draining
  9054 | D:6      | Learned a level 2 spell: Corpse Rot
  9160 | D:6      | Reached skill level 9 in Spellcasting
  9755 | D:7      | Reached XP level 9. HP: 65/65 MP: 22/22
  9782 | D:7      | Found a stormy altar of Qazlal.
 10120 | D:7      | Reached skill level 1 in Necromancy
 10345 | D:7      | Reached skill level 1 in Short Blades
 10484 | D:7      | Reached skill level 10 in Spellcasting
 10972 | D:7      | Found a radiant altar of Vehumet.
 11033 | D:7      | Identified the Incunabulum of Bewitching Transmigration
 11305 | D:7      | Reached ** piety under Kikubaaqudgha
 11550 | D:7      | Reached skill level 5 in Stealth
 12663 | D:8      | Noticed Harold
 12925 | D:8      | HP: 3/66 [Harold/harpoon shot (16)]
 12926 | D:8      | Slain by Harold

Levels and vault maps discovered:
D:1:      dpeg_arrival_prison, layout_loops_ring
D:2:      layout_loops_corners, lemuel_coloured_pillars_altar,
          okawaru_altar_gauntlet_db, serial_undead, serial_undead_e,
          serial_undead_c, serial_undead_e, serial_undead_b, minivault_14
D:3:      layout_loops_cross, chequers_ecumenical_altar_lobes, minmay_between,
          uniq_robin
D:4:      layout_basic, fedhas_ov_isle_minmay, zin_statuary, bloody_trog,
          evilmike_ruin_ashenzari, gammafunk_temple_overflow_pools,
          minmay_temple_entry_wispy, hangedman_decor_opposing,
          uniq_blork_the_orc
D:5:      layout_cave_pools, lemuel_crystal_altar, first_ration
D:6:      layout_cave_pools, st_stairs_10
D:7:      layout_loops_corners, nicolae_qazlal_eye_of_the_storm,
          wad_floor_pattern_2, grunt_ogre_cave, st_stairs_4,
          vehumet_altar_wand_db
D:8:      layout_rooms, lair_entry_dummy, minivault_24, uniq_harold
Temple:   minmay_temple_bridge_abc

Skill      XL: |  1  2  3  4  5  6  7  8  9 |
---------------+----------------------------+-----
Conjurations   | 1 2 |  2.5
Spellcasting   | 5 6 7 9 10 | 10.5
Fighting       | 1 2 3 4 |  4.6
Summonings     | 1 2 |  2.6
Dodging        | 2 3 4 |  4.2
Stealth        | 2 3 4 5 |  5.2
Maces & Flails | 1 |  1.8
Air Magic      | 1 |  1.4
Necromancy     | 2 |  2.3
Short Blades   | 1 |  1.9
Translocations | |  0.7
Poison Magic   | |  0.8
Evocations     | |  0.7

Action                   |  1- 3 |  4- 6 |  7- 9 || total
-------------------------+-------+-------+-------++-------
Melee: Club              |    20 |       |       ||    20
       Unarmed           |     8 |       |       ||     8
       Dagger            |     6 |    76 |       ||    82
       Whip              |       |    61 |   179 ||   240
       Short sword       |       |       |   218 ||   218
 Cast: Magic Dart        |    79 |   132 |   109 ||   320
       Call Imp          |     9 |    13 |    45 ||    67
       Mephitic Cloud    |       |    10 |    28 ||    38
       Pain              |       |       |    79 ||    79
       Blink             |       |       |     1 ||     1
  Use: Scroll            |       |     6 |     2 ||     8
 Stab: Confused          |       |     4 |    15 ||    19
       Sleeping          |       |     1 |     2 ||     3
Armor: Robe              |    11 |    42 |   105 ||   158
Dodge: Dodged            |    32 |    95 |   219 ||   346
Block: Other             |     4 |    28 |    91 ||   123
       Reflection        |     2 |     3 |     6 ||    11

Table legend:
 A = Non-vault XP
 B = Vault XP
 C = Vault XP percentage of total XP
 D = Non-vault monster count
 E = Vault monster count
 F = Vault count percentage of total count
                 A         B        C        D         E       F
            +---------+---------+-------+---------+---------+-------
      Total |    4517 |     426 |   8.6 |     191 |      34 |  15.1
            +---------+---------+-------+---------+---------+-------
        D:1 |      33 |       6 |  15.4 |      19 |       4 |  17.4
        D:2 |      62 |      30 |  32.6 |      22 |       9 |  29.0
        D:3 |     179 |      48 |  21.1 |      32 |      15 |  31.9
        D:4 |     416 |      61 |  12.8 |      22 |       1 |   4.3
        D:5 |     858 |       0 |   0.0 |      25 |       0 |   0.0
        D:6 |     694 |     140 |  16.8 |      17 |       2 |  10.5
        D:7 |    1946 |     141 |   6.8 |      40 |       3 |   7.0
        D:8 |     329 |       0 |   0.0 |      14 |       0 |   0.0
            +---------+---------+-------+---------+---------+-------
